 Dungeon Crawl Stone Soup version 0.26.0-41-g79a4fc7684 (webtiles) character file.

Game seed: 5832300855733978113

21800 kaeus the Unseen (level 12, -7/127 HPs)
             Began as an Octopode Monk on Jan 27, 2021.
             Was a High Priest of Dithmenos.
             Mangled by an ice beast (13 damage)
             ... summoned by Fannar
             ... on level 3 of the Lair of Beasts.
             The game lasted 00:35:03 (16315 turns).

kaeus the Unseen (Octopode Monk)                   Turns: 16315, Time: 00:35:04

Health: -7/127     AC: 33    Str: 10    XL:     12   Next: 93%
Magic:  0/12       EV:  2    Int: 13    God:    Dithmenos [*****.]
Gold:   962        SH:  9    Dex: 19    Spells: 11/11 levels left

rFire    . . .     SeeInvis .   i - +6 short sword "Xychis" {protect, +Rage}
rCold    . . .     Faith    .   h - +3 buckler
rNeg     + + +     Spirit   +   (helmet currently unavailable)
rPois    +         Reflect  .   j - amulet of guardian spirit
rElec    .         Harm     .   k - ring of willpower
rCorr    +         Rampage  .   G - ring of willpower
Will     +++..     NoTele   +   I - ring of positive energy Stlth *+++++++++
                                L - ring of resist corrosion
HPRegen  0.31/turn              c - ring of willpower
MPRegen  0.13/turn              (no ring)
                                (no ring)
                                (no ring)

@: tree-form, marked, protection aura, wreathed by umbra
A: almost no armour, stealthy swim, (amphibious), 8 rings, (constrict 8),
MP-powered wands
a: Renounce Religion, Evoke Berserk Rage, Shadow Step, Shadow Form


You were on level 3 of the Lair of Beasts.
You worshipped Dithmenos.
Dithmenos was extremely pleased with you.
You were a tree.
You visited 3 branches of the dungeon, and saw 16 of its levels.
You also visited: Ossuary and Bailey.

You collected 1526 gold pieces.
You spent 564 gold pieces at shops.

Inventory:

Hand Weapons
 i - the +6 short sword "Xychis" (weapon) {protect, +Rage}
   (You bought it in a shop on level 4 of the Dungeon)

   It grants its wielder temporary protection when it strikes (+7 to AC).
   It lets you go berserk.
 s - a +7 dagger of venom
 K - the +4 broad axe "Hohadyus" {vamp, +Blink Str+3}
   (You found it on level 1 of the Lair of Beasts)

   It inflicts no extra harm, but heals its wielder when it wounds a living foe.
   It affects your strength (+3).
   It lets you blink.
Armour
 h - a +3 buckler (worn)
 l - a +2 hat (melded)
Jewellery
 c - a ring of willpower (on tentacle)
 j - an amulet of guardian spirit (around neck)
 k - a ring of willpower (left branch)
 t - an uncursed amulet of magic regeneration
 G - a ring of willpower (right branch)
 I - a ring of positive energy (on tentacle)
 L - a ring of resist corrosion (on tentacle)
Wands
 v - a wand of paralysis (8)
 x - a wand of polymorph (5)
 y - a wand of digging (10)
 J - a wand of disintegration (10)
 O - a wand of flame (20)
Scrolls
 f - 5 scrolls of teleportation
 g - 6 scrolls of amnesia
 m - 7 scrolls of remove curse
 u - 2 scrolls of blinking
 A - a scroll of holy word
 C - a scroll of identify
 D - 4 scrolls of magic mapping
 F - a scroll of vulnerability
 H - 2 scrolls of enchant armour
Potions
 b - a potion of mutation
 d - 6 potions of curing
 e - a potion of might
 n - 2 potions of invisibility
 o - 2 potions of magic
 p - 2 potions of cancellation
 q - 2 potions of brilliance
 r - 3 potions of lignification
 w - 6 potions of flight
 z - a potion of resistance
 B - a potion of haste
Miscellaneous
 a - a condenser vane
 N - a phial of floods


   Skills:
 + Level 9.1 Fighting
 + Level 9.0 Short Blades
 * Level 12.3 Dodging
 * Level 16.3 Stealth
 - Level 4.0 Shields


You had 11 spell levels left.
You didn't know any spells.
Your spell library contained the following spells:

 Spells                   Type           Power        Failure   Level
 Freeze                   Ice            0%           30%         1
 Magic Dart               Conj           0%           30%         1
 Searing Ray              Conj           0%           43%         2
 Confusing Touch          Hex            0%           67%         3
 Dazzling Flash           Conj/Hex       0%           67%         3
 Frozen Ramparts          Ice            0%           67%         3
 Gell's Gravitas          Tloc           0%           67%         3
 Ozocubu's Armour         Ice            0%           67%         3
 Fulminant Prism          Conj/Hex       0%           97%         4
 Hailstorm                Conj/Ice       0%           97%         4
 Iskenderun's Mystic Bla  Conj/Tloc      0%           97%         4
 Petrify                  Tmut/Erth      0%           97%         4
 Summon Ice Beast         Ice/Summ       0%           97%         4
 Metabolic Englaciation   Hex/Ice        0%           100%        5
 Yara's Violent Unravell  Hex/Tmut       0%           100%        5


Dungeon Overview and Level Annotations

Branches:
Dungeon (11/15)            Temple (1/1) D:6            Lair (4/6) D:9
 Shoals (0/4) Lair:2          Orc (0/2) D:11        Ossuary (visited)
 Bailey (visited)
  Snake: Lair:2-4    Spider: Lair:2-4

Altars:
Ashenzari
Cheibriados
Dithmenos
Elyvilon
Fedhas
Gozag
Hepliaklqana
Kikubaaqudgha
Makhleb
Nemelex Xobeh
Okawaru
Qazlal
Ru
Sif Muna
Trog
Uskayaw
Vehumet
Wu Jian
Xom
Yredelemnul
Zin
The Shining One

Shops:
D:4 (:([   D:5 (   D:7 :   D:8 ?

Annotations:
D:3 exclusion: oklob plant
Lair:3 Fannar


Innate Abilities, Weirdness & Mutations

You cannot wear most types of armour.
You are very stealthy in the water. (Stealth+)
((You are amphibious.))
You can wear up to eight rings at the same time.
((You can use your tentacles to constrict eight enemies at once.))
((Your skin changes colour to match your surroundings (Stealth+).))
((Your rubbery body absorbs attacks. (AC +1, EV +1)))
((You are partially covered in molten scales. (AC +2)))
((Your system is resistant to poisons. (rPois)))
You expend magic power (3 MP) to strengthen your wands.


Message History

The ice beast hits you but does no damage.
You block the ice beast's attack. Fannar hits you but does no damage.
Fannar freezes you!
* * * LOW HITPOINT WARNING * * *
The ice beast hits you but does no damage.
You take 5 damage, and have 6/127 hp.
You now have 0/12 mp.
Aiming: Disintegrate
Press: ? - help, Shift-Dir - straight line, f - wyvern
Aim: a wyvern (umbra, chance to affect: 65%)
The wyvern struggles to resist.
You block the wyvern's attack.
Your wolf bites Fannar.
Your wolf bites the ice beast but does no damage.
The ice beast hits you but does no damage.
Your water moccasin closely misses the ice beast.
The ice beast barely misses you.
The wyvern bites you but does no damage.
The ice beast hits you.
* * * LOW HITPOINT WARNING * * *
The ice beast freezes you!
You die...

...###P..# #...P###..###
........#### #.........##.
.........#P###............
.................###...#..
.....#....#P.....# #....##
....##..#........# #...#
##.....###..h#.....#P.# ......#
#.#(..# ###..l#S.......##.....#
#......##....#♣Y...............
#...........FYYe...............
.#...........hhh...............
.........##......h.............
........###...............≈....
#........#..............≈≈≈≈..
.....e..................≈≈≈≈≈≈≈
.#......##..P##.....#...≈≈≈≈≈..
..#....P................≈≈≈≈≈.<


You could see Fannar (icy armour), a wyvern, 3 ice beasts, a bullfrog, a
friendly polar bear (summoned), a friendly water moccasin (summoned) and 4
friendly wolves.

Vanquished Creatures
  Erolcha (D:9)
  A boulder beetle (Lair:3)
  5 hydras
  Erica (D:8)
  A two-headed ogre (D:10)
  A death knight (D:9)
  A manticore (Lair:2)
  A black mamba (Lair:1)
  4 cane toads
  4 komodo dragons
  A wind drake (Lair:2)
  4 blink frogs
  3 wyverns
  9 yaks
  A soldier ant (D:11)
  10 water moccasins
  A black bear (Lair:2)
  3 ice beasts
  4 sky beasts
  9 orc warriors
  7 ogres
  4 centaurs
  2 eyes of draining (D:11)
  12 wolves
  An elf zombie (D:7)
  2 big kobolds
  19 bullfrogs
  A wyvern zombie (D:10)
  2 elf skeletons (D:7)
  10 scorpions
  3 killer bees (D:11)
  2 electric eels (D:9)
  4 wights (D:10)
  A howler monkey (D:7)
  2 centaur zombies
  6 jellies
  A quasit (D:7)
  2 centaur skeletons
  6 bullfrog skeletons
  7 orc wizards
  7 orc priests
  5 hounds
  6 human zombies
  Jessica (D:3)
  2 iguanas
  2 human skeletons (D:7)
  9 worker ants
  3 hound skeletons
  3 mummies (Ossuary)
  A howler monkey zombie (D:3)
  3 worker ant zombies
  A howler monkey skeleton (D:9)
  11 gnolls
  3 scorpion zombies (Ossuary)
  8 adders
  A shadow imp (D:6)
  A white imp (D:7)
  5 ufetubi
  3 oozes
  An adder zombie (D:3)
  3 adder skeletons
  5 worms
  5 dart slugs
  2 leopard geckos
  41 orcs
  7 giant cockroaches
  3 hobgoblins
  8 jackals
  3 quokkas
  3 ball pythons
  4 bats
  3 frilled lizards
  A giant cockroach zombie (D:3)
  3 gnoll zombies
  11 goblins
  3 goblin zombies (Ossuary)
  23 kobolds
  A kobold zombie (Ossuary)
  A leopard gecko skeleton (D:3)
  2 leopard gecko zombies (D:3)
  5 orc skeletons (D:7)
  4 orc zombies (Ossuary)
  A quokka zombie (D:5)
  8 rats
385 creatures vanquished.

Vanquished Creatures (others)
  An orc (D:7)
  15 fungi
  45 plants
  10 withered plants (D:3)
71 creatures vanquished.

Grand Total: 456 creatures vanquished

Notes
Turn   | Place    | Note
-------+----------+-------------------------------------------
     0 | D:1      | kaeus the Octopode Monk began the quest for the Orb.
     0 | D:1      | Reached XP level 1. HP: 16/16 MP: 1/1
   334 | D:1      | Reached skill level 3 in Stealth
   364 | D:1      | Reached XP level 2. HP: 21/21 MP: 2/2
   576 | D:1      | Reached XP level 3. HP: 26/26 MP: 3/3
  1465 | D:2      | Found a hazy altar of Hepliaklqana.
  1465 | D:2      | Found an opulent altar of Gozag.
  1569 | D:2      | Found a snail-covered altar of Cheibriados.
  1734 | D:2      | Reached skill level 4 in Stealth
  1734 | D:2      | Reached XP level 4. HP: 26/31 MP: 4/4
  2015 | D:3      | Noticed an ogre
  2050 | D:3      | Killed an ogre
  2051 | D:3      | Reached XP level 5. HP: 13/36 MP: 5/5
  2348 | D:3      | Found a blossoming altar of Fedhas.
  2368 | D:3      | Noticed an oklob plant
  2453 | D:3      | Reached skill level 5 in Stealth
  2510 | D:3      | Noticed Jessica
  2517 | D:3      | Killed Jessica
  2518 | D:3      | Reached XP level 6. HP: 26/43 MP: 6/6
  3148 | D:3      | Found a sparkling altar of Nemelex Xobeh.
  3398 | D:4      | Reached skill level 6 in Stealth
  3467 | D:4      | Reached skill level 5 in Dodging
  3467 | D:4      | Reached XP level 7. HP: 48/48 MP: 7/7
  3796 | D:4      | Found Neunteata's Antique Weapon Boutique.
  3844 | D:4      | Found Duptao's Armour Shoppe.
  4111 | D:4      | Found Vaon's Book Boutique.
  4308 | D:4      | Reached skill level 7 in Stealth
  4615 | D:4      | Found Hefopn's Weapon Shop.
  4918 | D:5      | Entered Level 5 of the Dungeon
  5145 | D:5      | Reached XP level 8. HP: 54/54 MP: 8/8
  5277 | D:5      | Found Lehu's Weapon Shoppe.
  5388 | D:5      | Gained mutation: You expend magic power (3 MP) to
                  | strengthen your wands. [potion of mutation]
  5388 | D:5      | Gained mutation: You are partially covered in molten
                  | scales. (AC +2) [potion of mutation]
  5388 | D:5      | Gained mutation: Your system is resistant to poisons.
                  | (rPois) [potion of mutation]
  5557 | D:5      | Reached skill level 8 in Stealth
  5618 | D:5      | Found a basalt altar of Yredelemnul.
  5853 | D:6      | Found a burning altar of Makhleb.
  5928 | D:6      | Reached skill level 5 in Fighting
  5928 | D:6      | Reached skill level 5 in Short Blades
  5937 | D:6      | Found a staircase to the Ecumenical Temple.
  6042 | Temple   | Entered the Ecumenical Temple
  6103 | Temple   | Became a worshipper of Dithmenos the Shadowed
  6103 | Temple   | Reached * piety under Dithmenos
  6103 | Temple   | Reached ** piety under Dithmenos
  6358 | D:6      | Reached skill level 9 in Stealth
  6677 | D:6      | Found an ornate altar of the Wu Jian Council.
  6724 | D:6      | Reached XP level 9. HP: 61/61 MP: 9/9
  7201 | D:7      | Reached skill level 1 in Shields
  7219 | D:7      | Found a sand-covered staircase.
  7222 | D:7      | Reached skill level 10 in Stealth
  7224 | Ossuary  | Entered an ossuary
  7564 | Ossuary  | Reached *** piety under Dithmenos
  8131 | D:4      | Bought the +6 short sword "Xychis" {protect, +Rage} for 441
                  | gold pieces
  8375 | D:8      | Found a flagged portal.
  8383 | D:8      | Reached **** piety under Dithmenos
  8391 | Bailey   | Entered a bailey
  8492 | Bailey   | Reached skill level 11 in Stealth
  8509 | Bailey   | Reached XP level 10. HP: 51/68 MP: 8/10
  9109 | D:8      | Noticed Erica
  9113 | D:8      | Killed Erica
  9279 | D:8      | Found Ixoklal's Magic Scroll Shop.
  9282 | D:8      | Bought a scroll of identify for 26 gold pieces
  9282 | D:8      | Bought a scroll of identify for 26 gold pieces
  9282 | D:8      | Bought a scroll of magic mapping for 45 gold pieces
  9282 | D:8      | Bought a scroll of identify for 26 gold pieces
  9286 | D:8      | Reached skill level 12 in Stealth
  9584 | D:8      | Reached ***** piety under Dithmenos
 10092 | D:7      | Found Ziethif's Book Shoppe.
 10390 | D:9      | Noticed Erolcha
 10397 | D:9      | Killed Erolcha
 10432 | D:9      | Noticed a five-headed hydra
 10432 | D:9      | Noticed a death knight
 10435 | D:9      | Killed a death knight
 10436 | D:9      | Reached skill level 13 in Stealth
 10436 | D:9      | Reached XP level 11. HP: 75/75 MP: 11/11
 10437 | D:9      | Killed a five-headed hydra
 10438 | D:9      | Reached skill level 10 in Dodging
 10666 | D:9      | Found a staircase to the Lair.
 10850 | D:9      | Noticed a moth of wrath
 10853 | D:9      | Found a bloodstained altar of Trog.
 10922 | D:10     | Entered Level 10 of the Dungeon
 11150 | D:10     | Noticed a two-headed ogre
 11175 | D:10     | Killed a two-headed ogre
 11887 | D:11     | Reached skill level 14 in Stealth
 12015 | D:11     | Noticed a seven-headed hydra
 12371 | D:11     | Killed a seven-headed hydra
 12582 | D:11     | Found a staircase to the Orcish Mines.
 12711 | D:11     | Noticed a seven-headed hydra
 12752 | Lair:1   | Entered Level 1 of the Lair of Beasts
 12910 | Lair:1   | Reached XP level 12. HP: 82/82 MP: 12/12
 13144 | Lair:1   | Reached skill level 15 in Stealth
 13608 | Lair:1   | Got a masterwork broad axe
 13609 | Lair:1   | Identified the +4 broad axe "Hohadyus" {vamp, +Blink Str+3}
                  | (You found it on level 1 of the Lair of Beasts)
 14058 | Lair:2   | Noticed a seven-headed hydra
 14063 | Lair:2   | Killed a seven-headed hydra
 14117 | Lair:2   | Noticed a seven-headed hydra
 14122 | Lair:2   | Found a staircase to the Shoals.
 14471 | Lair:2   | Killed a seven-headed hydra
 15097 | Lair:3   | Noticed a four-headed hydra
 15126 | Lair:3   | Killed a four-headed hydra
 15132 | Lair:3   | Noticed a boulder beetle
 15272 | Lair:3   | Reached skill level 16 in Stealth
 16081 | Lair:3   | Killed a boulder beetle
 16259 | Lair:3   | Noticed Fannar
 16280 | Lair:4   | Noticed a four-headed hydra
 16314 | Lair:3   | HP: 6/127 [Fannar/uncursed staff of cold (5)]
 16315 | Lair:3   | Mangled by an ice beast

Illustrated notes

Levels and vault maps discovered:
D:1:      dpeg_arrival_signposts, layout_loops_corners, roderic_lattice_a
D:2:      layout_loops_corners, cheibriados_altar_1,
          gammafunk_temple_overflow_statue
D:3:      layout_loops_ring, marbit_many_paths, tgw_fedhas, serial_undead,
          serial_undead_c, serial_undead_c, serial_undead_c, serial_undead_b,
          serial_undead_a, serial_undead_f, serial_undead_b, serial_undead_e,
          uniq_jessica
D:4:      minmay_razor_zed, layout_layer_cave, serial_shops, nicolae_shop_trees,
          shop, kennysheep_mini, nicolae_shop_behind_doors
D:5:      layout_cave_pools, lemuel_zombie_altar_yredelemnul, serial_shops,
          shop_fountains
D:6:      layout_basic, bloody_makhleb, kennysheep_little_box,
          minmay_temple_entry_tees
D:7:      layout_loops_ring, nicolae_ossuary_entry_catacombs, serial_shops,
          shop, corexii_leaking_fountain
D:8:      layout_basic, enter_bailey_5, serial_shops, nicolae_shop_behind_doors,
          hangedman_abyss_or_decor_stabs, grunt_decor_junction, uniq_erica
D:9:      layout_big_octagon, tgw_trog, lair_entry_dummy, minivault_20,
          uniq_erolcha
D:10:     layout_gridville, hangedman_abyss_or_decor_slice
D:11:     layout_rooms, orc_0_dummy
Temple:   cyrus_circular_temple
Lair:1:   layout_regular_city, minivault_11, minmay_holes
Lair:2:   layout_misc_corridors, minmay_shoals_entry_beasts, st_stairs_6,
          small_statue_intersection
Lair:3:   layout_gridlike, infiniplex_staircase_pool, uniq_fannar
Lair:4:   minmay_lair_oklob_tunnel, layout_cave_pods,
          minmay_snake_entry_six_corridors, basic_altar, minmay_lindwurm_lava,
          lemuel_fruit_fields

Skill      XL: |  1  2  3  4  5  6  7  8  9 10 11 12 |
---------------+-------------------------------------+-----
Stealth        | 3 4 5 6 7 9 11 13 14 16 | 16.3
Dodging        | 4 5 7 8 9 11 12 | 12.3
Fighting       | 4 5 6 7 8 9 |  9.1
Short Blades   | 4 5 6 7 8 9 |  9.0
Shields        | 3 4 |  4.0

Action                   |  1- 3 |  4- 6 |  7- 9 | 10-12 || total
-------------------------+-------+-------+-------+-------++-------
Melee: Short sword       |    37 |       |    36 |   652 ||   725
       Constrict         |    17 |    23 |    65 |    68 ||   173
       Tentacles         |    10 |    30 |    84 |   141 ||   265
       Dagger            |    20 |   109 |   295 |       ||   424
Invok: Shadow Step       |       |       |       |     3 ||     3
 Abil: Evoke Berserk Rag |       |       |       |     3 ||     3
Evoke: Wand              |       |       |       |     5 ||     5
  Use: Potion            |       |     1 |     1 |     9 ||    11
       Scroll            |       |       |    22 |    18 ||    40
 Stab: Sleeping          |    14 |    15 |    41 |    62 ||   132
       Distracted        |       |     1 |     3 |     5 ||     9
Armor: Skin              |     3 |     4 |    27 |    77 ||   111
Dodge: Dodged            |    24 |    51 |   204 |   441 ||   720
Block: Buckler           |       |       |    35 |   185 ||   220
